Map: Triton LE

Players

EGDisruptor (goblin) - Winner!

  • Race: Protoss Protoss
  • Spawn Location: 5:00

Probe

  • Race: Protoss Protoss
  • Spawn Location: 11:00

Event: NationWars 2019

VOD

Have the link to the VOD?

Description

Time

  • Played on: Oct. 4, 2019, 3:01 p.m.
  • Length: 6:48

All games in this series

Show
View Real Time Build Order
Export as new Build Order

EGDisruptor Protoss - Winner!

Build Orders: Phoenix Opening, Mass Phoenix 

Get SALT Encoding   

  12  0:00  Probe  
  13  0:12  Probe  
  14  0:17  Pylon  
  14  0:24  Probe (Chrono Boost)  
  15  0:36  Probe (Chrono Boost), Gateway  
  16  0:44  Probe (Chrono Boost)  
  16  0:46  Assimilator  
  17  0:51  Probe  
  17  0:54  Assimilator  
  18  1:03  Probe (Chrono Boost)  
  19  1:10  Gateway  
  19  1:13  Probe (Chrono Boost)  
  19  1:18  Probe (Chrono Boost)  
  20  1:24  Cybernetics Core  
  21  1:30  Probe  
  22  1:37  Pylon  
  22  1:42  Probe  
  23  2:01  Stargate  
  23  2:05  Stalker  
  23  2:07  Stalker  
  27  2:12  Warp Gate  
  27  2:18  Pylon  
  27  2:35  Adept  
  27  2:37  Adept  
  31  2:44  Phoenix (Chrono Boost)  
  31  2:49  Shield Battery  
  33  3:00  Phoenix (Chrono Boost)  
  35  3:12  Pylon  
  35  3:22  Phoenix (Chrono Boost)  
  35  3:26  Gateway  
  37  3:40  Phoenix  
  39  4:05  Phoenix  
  39  4:06  Stalker  
  39  4:08  Pylon  
  43  4:12  Pylon  
  43  4:19  Zealot  
  45  4:30  Phoenix (Chrono Boost)  
  47  4:34  Zealot  
  49  4:41  Probe  
  50  4:46  Phoenix (Chrono Boost)  
  52  4:56  Stalker  
  54  5:02  Stalker  
  54  5:03  Zealot  
  54  5:06  Pylon  
  58  5:31  Phoenix (Chrono Boost)  
  58  5:34  Zealot x2  
  62  5:37  Stalker  
  58  5:51  Phoenix (Chrono Boost)  
  60  5:59  Zealot  
  60  6:00  Zealot  
  58  6:19  Phoenix (Chrono Boost)  
Show
View Real Time Build Order
Export as new Build Order

Probe Protoss 

Build Orders:  

Get SALT Encoding   

  12  0:00  Probe  
  13  0:12  Probe  
  14  0:17  Pylon  
  14  0:25  Probe (Chrono Boost)  
  15  0:37  Probe (Chrono Boost)  
  15  0:39  Gateway  
  16  0:43  Probe (Chrono Boost)  
  16  0:47  Assimilator  
  17  0:51  Probe  
  17  0:54  Assimilator  
  18  1:03  Probe (Chrono Boost)  
  19  1:10  Gateway  
  19  1:13  Probe (Chrono Boost)  
  19  1:18  Probe (Chrono Boost)  
  21  1:26  Cybernetics Core  
  21  1:29  Probe  
  22  1:33  Pylon  
  22  1:41  Probe  
  23  1:53  Probe  
  24  1:59  Warp Gate (Chrono Boost)  
  24  2:02  Stalker, Sentry  
  24  2:06  Probe  
  29  2:12  Pylon  
  29  2:28  Stalker  
  31  2:32  Stalker, Probe  
  34  2:51  Nexus  
  34  3:03  Probe  
  34  3:07  Forge  
  34  3:15  Probe  
  34  3:17  Twilight Council  
  35  3:23  Pylon  
  36  3:42  Sentry, Shield Battery  
  36  3:43  Sentry  
  36  3:44  Shield Battery  
  39  3:51  Shield Battery  
  37  4:06  Stalker x2  
  41  4:18  Robotics Facility  
  41  4:24  Sentry  
  42  4:26  Probe x2 (Chrono Boost)  
  40  4:38  Probe x2 (Chrono Boost)  
  42  4:40  Blink (Chrono Boost)  
  42  4:45  Probe (Chrono Boost)  
  43  4:46  Probe (Chrono Boost)  
  43  4:52  Probe  
  43  4:55  Probe  
  44  5:04  Stalker x2, Probe  
  49  5:07  Probe  
  50  5:16  Probe  
  49  5:30  Zealot x2  
  49  5:31  Probe  
  49  5:34  Probe  
  52  5:43  Probe  
  43  5:51  Stalker x2  
  43  5:54  Gateway  
  47  6:04  Shield Battery  
  45  6:15  Stalker x2  
Tags
 
Composition
Mass Phoenix
Matchup
PvP
Spawn Locations
Cross Positions
Add a new tag
Caveats
  • Supply blocks, unpowered buildings, or Contaminate may cause inaccurate times.
  • Supply counts are checked every 10 seconds.